 Dungeon Crawl Stone Soup version 0.29-a0-100-g60f898f876 (webtiles) character file.

Game seed: 11630913379689366840

46 cyrus the Skirmisher (level 3, 0/30 HPs)
             Began as a Merfolk Fighter on Feb 14, 2022.
             Was a Priest of Jiyva.
             Shot with an arrow by a centaur (8 damage)
             ... on level 3 of the Dungeon.
             The game lasted 00:05:08 (1931 turns).

cyrus the Skirmisher (Merfolk Fighter)              Turns: 1931, Time: 00:05:09

Health: 0/30       AC:  6    Str: 18    XL:     3   Next: 68%
Magic:  3/3        EV:  9    Int:  7    God:    Jiyva [***...]
Gold:   52         SH:  5    Dex: 13    Spells: 2/2 levels left

rFire   . . .      SeeInvis .   a - +0 trident
rCold   . . .      Faith    .   c - +0 buckler
rNeg    . . .      Spirit   .   b - +0 scale mail
rPois   .          Reflect  .   (no helmet)
rElec   .          Harm     .   (no cloak)
rCorr   +          Rampage  .   (no gloves)
Will    .....                   (no boots)
Stlth   ..........              (no amulet)
HPRegen 1.22/turn               (no ring)
MPRegen 0.43/turn               (no ring)

@: mighty
A: (nimble swimmer 2), mertail
a: Renounce Religion, Oozemancy


You were on level 3 of the Dungeon.
You worshipped Jiyva.
Jiyva was most pleased with you.
You visited 1 branch of the dungeon, and saw 3 of its levels.

You collected 52 gold pieces.

Inventory:

Hand Weapons
 a - a +0 trident (weapon)
Armour
 b - a +0 scale mail (worn)
 c - a +0 buckler (worn)
Scrolls
 f - 3 scrolls of vulnerability {unknown}
 i - a scroll of blinking {unknown}
 j - a scroll of identify {unknown}
Potions
 d - a potion of curing
 e - a potion of degeneration {unknown}
 g - a potion of brilliance {unknown}


   Skills:
 + Level 3.9 Fighting
 + Level 3.4 Polearms
 + Level 2.6 Armour
 + Level 3.3 Shields


You had 2 spell levels left.
You didn't know any spells.
Your spell library contained the following spells:

 Spells                   Type           Power      Damage    Failure   Level
 Sting                    Tmut/Pois      0%         1d3       89%         1
 Borgnjor's Revivificati  Necr           0%         N/A       100%        8
 Necromutation            Tmut/Necr      0%         N/A       100%        8
 Death's Door             Necr           0%         N/A       100%        9


Dungeon Overview and Level Annotations

Branches:
Dungeon (3/15)

Altars:
Jiyva


Innate Abilities, Weirdness & Mutations

((You are very nimble when in or above water. (Stealth+, EV+, Speed+++)))
Your lower body shifts to a powerful aquatic tail in water.


Message History

The centaur shoots an arrow.
The arrow hits you.
You climb upwards.
There is a stone staircase leading down here.
You start resting.
HP restored.
You start waiting.
Done waiting.
You start waiting.
There is a stone staircase leading down here.
There is a stone staircase leading down here.
There is a stone staircase leading down here.
There is a stone staircase leading down here.
You climb downwards.
Found 5 boomerangs and 8 gold pieces.
There is a stone staircase leading up here.
You now have 52 gold pieces (gained 8).
A rat comes into view.
The rat barely misses you.
You hit the rat.
The rat is heavily wounded.
The rat bites you but does no damage.
You closely miss the rat.
The rat is heavily wounded.
The rat bites you but does no damage. x2
You hit the rat but do no damage. You block the rat's attack.
You hit the rat but do no damage. You block the rat's attack.
You puncture the rat!
You kill the rat!
You see here a rat corpse.
You hear a distant slurping noise.
A centaur is nearby!
The centaur shoots an arrow.
The arrow hits you.
The centaur shoots an arrow.
The arrow closely misses you.
You feel very mighty all of a sudden.
The centaur shoots an arrow.
The arrow hits you.
The centaur shoots an arrow.
The arrow hits you!
The centaur shoots an arrow.
The arrow hits you!
* * * LOW HITPOINT WARNING * * *
The centaur shoots an arrow.
The arrow hits you!
You die...

############# ....
#...........## #..
#.#########.#. #..
#####.# #.#. ...
#.....# #... ##.##
#.##### ###. #...#
####@## #. #...#
#.......# #. #.<.#
#.##.##.# ##
####...######.##.##.##
#
...........##.#.c....#
#
..........c.c.....#...
#
...........##.#...#..
#
##.......####........#
# #.......# ####.#..##
#


You could see a centaur.

Vanquished Creatures
  A worm (D:2)
  2 dart slugs (D:1)
  2 orcs (D:2)
  3 ball pythons
  An endoplasm (D:1)
  2 giant cockroaches (D:2)
  2 goblins
  5 hobgoblins
  3 kobolds
  3 quokkas (D:1)
  3 bats (D:2)
  A frilled lizard (D:1)
  4 rats
32 creatures vanquished.

Vanquished Creatures (others)
  A jelly (D:2)
  An orc priest (D:2)
  An adder (D:2)
  2 orcs (D:2)
  2 hobgoblins
  A bat (D:2)
8 creatures vanquished.

Grand Total: 40 creatures vanquished

Notes
Turn   | Place    | Note
-------+----------+-------------------------------------------
     0 | D:1      | cyrus the Merfolk Fighter began the quest for the Orb.
     0 | D:1      | Reached XP level 1. HP: 18/18 MP: 1/1
   121 | D:1      | Reached XP level 2. HP: 18/24 MP: 2/2
   712 | D:1      | Found a faded altar of an unknown god.
   721 | D:1      | Got Plato's Compendium of Contamination
   724 | D:1      | Prayed at the altar of an unknown god.
   724 | D:1      | Became a worshipper of Jiyva Jokae the Shapeless
   724 | D:1      | Reached * piety under Jiyva
   805 | D:1      | Reached XP level 3. HP: 27/29 MP: 3/3
  1004 | D:2      | Reached ** piety under Jiyva
  1461 | D:2      | Reached *** piety under Jiyva
  1544 | D:3      | Noticed a centaur
  1931 | D:3      | Shot with an arrow by a centaur

Illustrated notes

Levels and vault maps discovered:
D:1:      saegor_arrival_simple_e, layout_rooms,
          shapermc_ecumenical_altar_rom_forum
D:2:      layout_basic
D:3:      layout_loops_cross, grunt_ministairs_11

Action                   || total
-------------------------++-------
Melee: Trident           ||   120
  Use: Potion            ||     3
Armor: Scale mail        ||    54
Dodge: Dodged            ||    65
Block: Buckler           ||    28

Table legend: (Time is in decaauts)
 A = Elapsed time spent in this place.
 B = Non-inter-level travel time spent in this place.
 C = Inter-level travel time spent in this place.
 D = Time resting spent in this place.
 E = Time spent auto-exploring this place.
 F = Levels seen in this place.
 G = Mean time per level.
                   A        B        C        D        E       F      G
               +--------+--------+--------+--------+--------+-----+--------+
         Total |   1953 |   1953 |      0 |    210 |   1185 |   3 |  651.0 |
       Dungeon |   1953 |   1953 |      0 |    210 |   1185 |   3 |  651.0 |
               +--------+--------+--------+--------+--------+-----+--------+

Top non-repeatable levels by time:
     D:2: 948 daAuts
     D:1: 883 daAuts
     D:3: 121 daAuts
